 Dungeon Crawl Stone Soup version 0.30.1-4-g462c640d31 (webtiles) character file.

Game seed: 3008327142109468125

2131 safid the Chiller (level 9, 0/57 (69) HPs)
             Began as a Merfolk Ice Elementalist on Aug 14, 2023.
             Slain by a wight
             ... wielding a +4 short sword
              (12 damage)
             ... on level 7 of the Dungeon.
             The game lasted 00:08:48 (5929 turns).

safid the Chiller (Merfolk Ice Elementalist)        Turns: 5929, Time: 00:08:49

HP:   0/57 (69)     AC:  3    Str: 12    XL:     9   Next: 30%
MP:   6/17          EV: 13    Int: 19    God:
Gold: 89            SH: 11    Dex: 14    Spells: 11/18 levels left

rFire   . . .        n - +2 dagger (venom)
rCold   . . .        o - +2 kite shield
rNeg    . . .        a - +0 robe
rPois   +            t - +0 hat of a Gauntlet {Fly rPois Str+4 Stlth+}
rElec   .            (no cloak)
rCorr   .            (no gloves)
SInv    .            c - +0 pair of boots
Will    .....        v - amulet of regeneration
Stlth   +++          (no ring)
HPRegen 1.09/turn    (no ring)
MPRegen 0.15/turn

%: no passive effects
@: flying, heavily drained
A: (nimble swimmer 2), mertail
a: no special abilities


You were on level 7 of the Dungeon.
You visited 1 branch of the dungeon, and saw 7 of its levels.

You collected 508 gold pieces.
You spent 419 gold pieces at shops.

Inventory:

Hand Weapons
 n - a +2 dagger of venom (weapon)
Armour
 a - a +0 robe (worn)
 c - a +0 pair of boots (worn)
 o - a +2 kite shield (worn)
 t - the +0 hat of a Gauntlet (worn) {Fly rPois Str+4 Stlth+}
   (You found it on level 3 of the Dungeon)

   Str:       It affects your strength (+4).
   rPois:     It protects you from poison.
   Fly:       It grants you flight.
   Stlth:     It makes you more stealthy.
Jewellery
 v - an amulet of regeneration (around neck)
Wands
 s - a wand of iceblast (7)
Scrolls
 e - 2 scrolls of magic mapping
 g - 3 scrolls of enchant armour
 l - 4 scrolls of teleportation
 m - a scroll of blinking
 p - a scroll of amnesia
 r - a scroll of silence
 w - 2 scrolls of fear
 x - a scroll of enchant weapon
Potions
 b - a potion of magic
 d - a potion of haste {unknown}
 f - a potion of flight {unknown}
 h - 5 potions of curing
 i - a potion of mutation {unknown}
 j - a potion of ambrosia {unknown}
 k - a potion of attraction {unknown}
 q - 2 potions of heal wounds {unknown}
 u - a potion of cancellation {unknown}
 z - 2 potions of invisibility
 A - 2 potions of lignification


   Skills:
 + Level 5.8 Fighting
 + Level 7.2 Dodging
 - Level 2.1 Stealth
 + Level 4.9 Shields
 + Level 5.3 Spellcasting
 + Level 7.5 Ice Magic


You had 11 spell levels left.
You knew the following spells:

 Your Spells              Type           Power      Damage    Failure   Level
a - Freeze                Ice            100%       1d10      1%          1
b - Frozen Ramparts       Ice            66%        1d10      5%          3
c - Ozocubu's Armour      Ice            33%        N/A       5%          3

Your spell library contained the following spells:

 Spells                   Type           Power      Damage    Failure   Level
 Summon Ice Beast         Ice/Summ       19%        N/A       65%         4


Dungeon Overview and Level Annotations

Branches:
Dungeon (7/15)
 Temple: D:4-7

Altars:
Elyvilon
Fedhas
Qazlal
Sif Muna
Zin

Shops:
D:3 [   D:5 *   D:6 *![??

Annotations:
D:4 1 runed translucent door, zzuzz's ghost, novice DrFE


Innate Abilities, Weirdness & Mutations

((You are very nimble when in or above water. (Stealth+, EV+, Speed+++)))
Your lower body shifts to a powerful aquatic tail in water.


Message History

The wight is heavily damaged.
You block the wight's attack.
You closely miss the wight.
The wight is heavily damaged.
The wight hits you with a +4 short sword!
You closely miss the wight.
The wight is heavily damaged.
The wight barely misses you. You block the wight's attack.
You hit the wight but do no damage.
The wight is heavily damaged.
The wight hits you with a +4 short sword.
You barely miss the wight.
The wight is heavily damaged.
The wight misses you.
You hit the wight but do no damage.
The wight is heavily damaged.
The wight hits you with a +4 short sword.
You hit the wight but do no damage.
The wight is heavily damaged.
Your icy armour starts to melt.
The wight misses you.
You hit the wight but do no damage.
The wight is heavily damaged.
The wight hits you with a +4 short sword.
You block the wight's attack.
You barely miss the wight.
The wight is heavily damaged.
The wight hits you with a +4 short sword!
* * * LOW HITPOINT WARNING * * *
You barely miss the wight.
The wight is heavily damaged.
The wight hits you with a +4 short sword.
* * * LOW HITPOINT WARNING * * *
You feel drained.
* * * LOW HITPOINT WARNING * * *
You hit the wight but do no damage.
The wight is heavily damaged.
Your icy armour evaporates.
The wight hits you with a +4 short sword!
You die...

#################+#
....##............
#...##............
#...##............
#...##............ ..
#...##............ ....
#z#...............
....##@)...............
......###...............
...........>.......รท#.#
.....#............#....
.###...D.....###.........
.....#.........#.###.....
###.....#......#.###.##..
#...#....................
#...#........##..........


You could see a wight.

Vanquished Creatures
  Sigmund (D:6)
  Eustachio (D:4)
  Edmund (D:5)
  A water moccasin (D:6)
  An acid dragon (D:7)
  Duvessa (D:5)
  An ice beast (D:6)
  3 ogres
  2 centaurs
  A phantom (D:5)
  A bullfrog (D:7)
  3 scorpions
  2 wights (D:7)
  Dowan (D:5)
  A hound (D:4)
  An orc priest (D:7)
  2 iguanas
  An orc wizard (D:4)
  10 gnolls
  7 adders
  A white imp (D:5)
  An ufetubus (D:7)
  6 dart slugs
  10 orcs
  3 bats
  10 endoplasms
  4 giant cockroaches
  3 goblins
  4 hobgoblins
  15 jackals
  3 quokkas
  6 ball pythons
  3 frilled lizards
  7 kobolds
  7 rats
125 creatures vanquished.

Notes
Turn   | Place    | Note
-------+----------+-------------------------------------------
     0 | D:1      | safid the Merfolk Ice Elementalist began the quest for the
                  | Orb.
     0 | D:1      | Reached XP level 1. HP: 13/13 MP: 3/3
   185 | D:1      | Reached XP level 2. HP: 8/20 MP: 0/5
   203 | D:1      | Reached skill level 1 in Fighting
   612 | D:1      | Reached XP level 3. HP: 18/26 MP: 6/6
   616 | D:1      | Learned a level 3 spell: Frozen Ramparts
   852 | D:1      | Learned a level 3 spell: Ozocubu's Armour
  1271 | D:2      | Reached skill level 5 in Ice Magic
  1393 | D:2      | Reached XP level 4. HP: 33/33 MP: 6/8
  2347 | D:3      | Found Cygyt's Armour Shoppe.
  2432 | D:3      | Identified the +0 hat of a Gauntlet {Fly rPois Str+4
                  | Stlth+}
  2510 | D:3      | Found a faded altar of an unknown god.
  2522 | D:3      | Found a blossoming altar of Fedhas.
  2630 | D:3      | Found a white marble altar of Elyvilon.
  2654 | D:3      | Found a stormy altar of Qazlal.
  2968 | D:3      | Found a shimmering blue altar of Sif Muna.
  3087 | D:4      | Found a runed translucent door.
  3113 | D:4      | Noticed Eustachio
  3117 | D:4      | Reached skill level 1 in Shields
  3117 | D:4      | Reached XP level 5. HP: 31/39 MP: 9/9
  3135 | D:4      | Killed Eustachio
  3136 | D:4      | Reached XP level 6. HP: 41/46 MP: 10/10
  3881 | D:4      | Noticed zzuzz's ghost (novice DrFE)
  3930 | D:5      | Entered Level 5 of the Dungeon
  3937 | D:5      | Reached XP level 7. HP: 52/52 MP: 5/12
  4017 | D:5      | Found Sauzy's General Store.
  4082 | D:5      | Bought a scroll of identify for 28 gold pieces
  4082 | D:5      | Bought a scroll of teleportation for 42 gold pieces
  4199 | D:5      | Noticed Edmund
  4210 | D:5      | Killed Edmund
  4211 | D:5      | Reached skill level 5 in Dodging
  4496 | D:5      | Noticed Dowan
  4497 | D:5      | Noticed Duvessa
  4504 | D:5      | Killed Dowan
  4505 | D:5      | Reached XP level 8. HP: 58/60 MP: 5/14
  4516 | D:5      | Killed Duvessa
  4715 | D:6      | Found Duig's Magic Scroll Shoppe.
  4718 | D:6      | Bought a scroll of identify for 20 gold pieces
  4718 | D:6      | Bought a scroll of identify for 20 gold pieces
  4718 | D:6      | Bought a scroll of noise for 10 gold pieces
  4718 | D:6      | Bought a scroll of teleportation for 30 gold pieces
  4984 | D:6      | Found Astog Bya's Magic Scroll Boutique.
  4992 | D:6      | Bought a scroll of blinking for 82 gold pieces
  4992 | D:6      | Bought a scroll of identify for 22 gold pieces
  5012 | D:6      | Noticed Sigmund
  5022 | D:6      | Killed Sigmund
  5098 | D:6      | Reached skill level 5 in Fighting
  5103 | D:6      | Found Bulunet's Distillery.
  5113 | D:6      | Bought a potion of invisibility for 88 gold pieces
  5113 | D:6      | Bought 2 potions of lignification for 66 gold pieces
  5113 | D:6      | Bought a potion of degeneration for 11 gold pieces
  5418 | D:6      | Found Alupsyly's Antique Armour Emporium.
  5518 | D:6      | Found Likiuc's Assorted Antiques.
  5586 | D:7      | Reached skill level 5 in Spellcasting
  5586 | D:7      | Reached XP level 9. HP: 68/68 MP: 9/16
  5744 | D:7      | Found a glowing silver altar of Zin.
  5929 | D:7      | Slain by a wight

Illustrated notes

Levels and vault maps discovered:
D:1:      onia_arrival_handbag, layout_basic, st_stairs_9
D:2:      layout_loops_ring, serial_bayou_ford_a, minmay_misc_feat_five
D:3:      layout_loops_cross, nicolae_overflow_quartered_altars,
          ebering_ecumenical_altar_abandoned, serial_shops,
          nicolae_shop_just_a_little_nook, minmay_misc_feat_tower
D:4:      layout_gridville, ebering_ghost_reflecting_pool, uniq_eustachio
D:5:      layout_rooms, serial_shops, shop, uniq_edmund, uniq_duvessa
D:6:      layout_rooms, serial_shops, shop, nicolae_shop_real_fake_doors,
          nicolae_shop_tiny_waterfront, shop, shop, uniq_sigmund
D:7:      layout_basic, grunt_temple_overflow_lords_of_destruction,
          lemuel_round_altar, minmay_temple_entry_gardened_gates

Skill      XL: |  1  2  3  4  5  6  7  8  9 |
---------------+----------------------------+-----
Fighting       | 1 2 3 4 5 |  5.8
Ice Magic      | 5 6 7 |  7.5
Dodging        | 3 4 5 6 7 |  7.2
Shields        | 1 2 3 4 |  4.9
Spellcasting   | 3 4 5 |  5.3
Stealth        | |  2.1

Action                     |  1- 3 |  4- 6 |  7- 9 || total
---------------------------+-------+-------+-------++-------
  Melee: Short sword       |    65 |       |       ||    65
         Punch             |     2 |       |       ||     2
         Unarmed           |     1 |       |       ||     1
         Dagger            |     4 |   140 |   209 ||   353
   Cast: Freeze            |    29 |     5 |     6 ||    40
         Ozocubu's Armour  |       |     3 |    17 ||    20
         Frozen Ramparts   |       |     3 |    20 ||    23
    Use: Scroll            |       |       |    10 ||    10
   Stab: Sleeping          |     6 |     5 |     2 ||    13
 Armour: Robe              |    20 |    19 |    42 ||    81
  Dodge: Dodged            |    63 |    81 |   102 ||   246
  Block: Kite shield       |     1 |    98 |   153 ||   252
